[ AOE2 MATCH · #508096313 ]
UnrankedChinese vs Persians
Player's team · WIN
Rival team · LOSS
[ REPLAY ANALYSIS · EXTRACTED FROM THE RECORDED GAME ]
Feudal
12:46
Castle
24:37
Imperial
46:28
| APM avg | 58.6 |
| APM peak | 119 |
| eAPM avg | 27.2 |
| Villagers / military | 196 / 134 |
Focus
⚔️ 29.2% · 🌾 70.8%
Archer ×44 · Spearman ×43 · Scout Cavalry ×37 · Fishing Ship ×15 · Monk ×3 · Trebuchet (Packed) ×3
Feudal
15:05
Castle
21:22
Imperial
—
| APM avg | 48.2 |
| APM peak | 103 |
| eAPM avg | 26.1 |
| Villagers / military | 132 / 51 |
Focus
⚔️ 38.1% · 🌾 61.9%
Fishing Ship ×25 · Knight ×16 · Camel Scout ×12 · Scorpion ×7 · Mangonel ×5 · War Elephant ×4
Match map
Initial resources + every placement click. Lines = walls · curves = elevation contours. ◆ gold · ⬟ stone · ● berries · ✦ relic · ◌ wall gap
Your base· Open — 9t gap
Hyphe's base· Open — unwalled flank
Smoothed initial terrain · ◌ = detected wall gap · hover for details
Inputs per minute
— jianglin612 - - Hyphe
Build order — jianglin612
First 150 of 514 actions detected
| 0:26 | Research | Loom |
| 0:50 | Queue | Villager (Male) |
| 1:14 | Queue | Villager (Male) |
| 1:40 | Queue | Villager (Male) |
| 2:04 | Queue | Villager (Male) |
| 2:13 | Build | Lumber Camp |
| 2:32 | Queue | Villager (Male) |
| 2:32 | Queue | Villager (Male) |
| 3:03 | Build | House |
| 3:04 | Build | House |
| 3:16 | Queue | Villager (Male) |
| 3:17 | Queue | Villager (Male) |
| 3:17 | Queue | Villager (Male) |
| 4:00 | Queue | Villager (Male) |
| 4:13 | Queue | Villager (Male) |
| 5:03 | Queue | Villager (Male) |
| 5:15 | Queue | Villager (Male) |
| 5:29 | Queue | Villager (Male) |
| 5:44 | Build | Dock |
| 5:50 | Queue | Villager (Male) |
| 6:06 | Queue | Villager (Male) |
| 6:36 | Queue | Villager (Male) |
| 7:03 | Queue | Fishing Ship |
| 7:09 | Build | Lumber Camp |
| 7:17 | Queue | Villager (Male) |
| 7:33 | Queue | Villager (Male) |
| 7:39 | Queue | Villager (Male) |
| 8:05 | Queue | Villager (Male) |
| 8:10 | Build | House |
| 8:15 | Build | House |
| 8:16 | Build | House |
| 8:26 | Queue | Fishing Ship |
| 8:29 | Build | House |
| 8:52 | Queue | Villager (Male) |
| 9:41 | Build | Town Center |
| 9:53 | Build | House |
| 10:31 | Queue | Villager (Male) |
| 10:36 | Research | Feudal Age |
| 10:36 | Research | Feudal Age |
| 10:37 | Queue | Villager (Male) |
| 10:45 | Queue | Villager (Male) |
| 10:52 | Queue | Fishing Ship |
| 10:54 | Queue | Fishing Ship |
| 10:57 | Queue | Villager (Male) |
| 11:05 | Build | Palisade Wall |
| 11:10 | Queue | Villager (Male) |
| 11:22 | Build | House |
| 11:36 | Queue | Fishing Ship |
| 11:47 | Build | Barracks |
| 12:27 | Build | Dock |
| 12:32 | Queue | Villager (Male) |
| 12:46 | Age | Feudal Age |
| 12:51 | Build | Archery Range |
| 12:55 | Queue | Villager (Male) |
| 13:17 | Research | Double-Bit Axe |
| 13:34 | Queue | Fishing Ship |
| 13:34 | Queue | Fishing Ship |
| 13:40 | Queue | Fishing Ship |
| 13:45 | Queue | Villager (Male) |
| 13:55 | Build | Archery Range |
| 14:00 | Queue | Archer |
| 14:00 | Queue | Archer |
| 14:06 | Build | Blacksmith |
| 14:11 | Build | House |
| 14:16 | Queue | Villager (Male) |
| 14:29 | Build | Mining Camp |
| 14:30 | Queue | Villager (Male) |
| 14:59 | Queue | Villager (Male) |
| 15:10 | Queue | Villager (Male) |
| 15:18 | Queue | Fishing Ship |
| 15:19 | Queue | Fishing Ship |
| 15:22 | Queue | Fishing Ship |
| 15:23 | Queue | Fishing Ship |
| 15:26 | Queue | Skirmisher |
| 15:37 | Queue | Villager (Male) |
| 15:59 | Build | Mining Camp |
| 16:22 | Queue | Villager (Male) |
| 16:24 | Queue | Fishing Ship |
| 16:29 | Research | Tech 906 |
| 16:33 | Queue | Archer |
| 16:41 | Research | Gold Mining |
| 16:47 | Research | Wheelbarrow |
| 16:54 | Build | House |
| 17:10 | Queue | Villager (Male) |
| 17:12 | Queue | Archer |
| 17:36 | Build | Stable |
| 17:43 | Queue | Skirmisher |
| 17:44 | Queue | Villager (Male) |
| 17:45 | Queue | Villager (Male) |
| 17:57 | Queue | Villager (Male) |
| 18:13 | Queue | Villager (Male) |
| 18:17 | Build | Mill |
| 18:22 | Queue | Villager (Male) |
| 18:24 | Queue | Archer |
| 18:27 | Queue | Archer |
| 18:28 | Queue | Archer |
| 18:32 | Queue | Fishing Ship |
| 18:37 | Queue | Fishing Ship |
| 18:44 | Queue | Spearman |
| 18:44 | Queue | Spearman |
| 18:49 | Research | Fletching |
| 18:50 | Research | Padded Archer Armor |
| 19:02 | Queue | Scout Cavalry |
| 19:04 | Queue | Archer |
| 19:23 | Queue | Archer |
| 19:25 | Queue | Villager (Male) |
| 19:25 | Queue | Villager (Male) |
| 19:26 | Queue | Villager (Male) |
| 19:26 | Queue | Villager (Male) |
| 19:27 | Queue | Villager (Male) |
| 19:43 | Queue | Villager (Male) |
| 20:01 | Queue | Villager (Male) |
| 20:02 | Queue | Demolition Raft |
| 20:05 | Build | House |
| 20:05 | Build | House |
| 20:08 | Build | Lumber Camp |
| 20:25 | Queue | Spearman |
| 20:31 | Queue | Villager (Male) |
| 20:35 | Build | Farm |
| 20:39 | Build | Farm |
| 20:39 | Build | Farm |
| 20:39 | Build | Farm |
| 20:40 | Build | Farm |
| 20:40 | Build | Farm |
| 20:46 | Build | Farm |
| 20:46 | Build | Farm |
| 20:49 | Build | Farm |
| 20:49 | Build | Farm |
| 20:51 | Queue | Villager (Male) |
| 20:51 | Queue | Villager (Male) |
| 20:52 | Queue | Villager (Male) |
| 20:56 | Queue | Archer |
| 20:56 | Queue | Archer |
| 21:11 | Queue | Villager (Male) |
| 21:24 | Queue | Spearman |
| 21:24 | Queue | Spearman |
| 21:40 | Build | House |
| 21:57 | Research | Castle Age |
| 21:57 | Research | Castle Age |
| 22:13 | Queue | Spearman |
| 22:13 | Queue | Spearman |
| 22:25 | Build | Barracks |
| 22:34 | Queue | Villager (Male) |
| 22:39 | Queue | Archer |
| 22:39 | Queue | Archer |
| 22:46 | Build | Archery Range |
| 22:49 | Build | Archery Range |
| 22:58 | Build | Palisade Wall |
| 22:59 | Build | Palisade Wall |
| 23:01 | Build | Palisade Wall |
Build order — Hyphe
First 150 of 270 actions detected
| 0:00 | Queue | Villager (Male) |
| 0:00 | Queue | Villager (Male) |
| 0:00 | Queue | Villager (Male) |
| 0:01 | Queue | Villager (Male) |
| 0:02 | Build | House |
| 0:03 | Build | House |
| 0:12 | Queue | Villager (Male) |
| 0:12 | Queue | Villager (Male) |
| 1:21 | Queue | Villager (Male) |
| 1:21 | Queue | Villager (Male) |
| 2:27 | Queue | Villager (Male) |
| 2:27 | Queue | Villager (Male) |
| 2:28 | Queue | Villager (Male) |
| 2:35 | Build | Lumber Camp |
| 3:35 | Queue | Villager (Male) |
| 3:35 | Queue | Villager (Male) |
| 3:36 | Queue | Villager (Male) |
| 3:42 | Build | House |
| 4:49 | Queue | Villager (Male) |
| 4:50 | Research | Loom |
| 5:44 | Queue | Villager (Male) |
| 6:14 | Build | Town Center |
| 6:18 | Build | House |
| 6:22 | Build | House |
| 6:47 | Build | Dock |
| 6:51 | Build | Palisade Wall |
| 7:09 | Queue | Villager (Male) |
| 7:09 | Queue | Villager (Male) |
| 7:10 | Queue | Villager (Male) |
| 7:45 | Queue | Fishing Ship |
| 7:46 | Queue | Fishing Ship |
| 7:57 | Queue | Fishing Ship |
| 8:43 | Queue | Villager (Male) |
| 8:43 | Queue | Villager (Male) |
| 9:37 | Queue | Fishing Ship |
| 9:38 | Queue | Fishing Ship |
| 9:38 | Queue | Fishing Ship |
| 9:40 | Queue | Villager (Male) |
| 9:40 | Queue | Villager (Male) |
| 9:54 | Build | House |
| 9:57 | Build | House |
| 10:04 | Build | Palisade Wall |
| 10:07 | Build | Palisade Wall |
| 10:11 | Build | House |
| 10:38 | Queue | Villager (Male) |
| 10:38 | Queue | Villager (Male) |
| 10:39 | Queue | Villager (Male) |
| 10:44 | Queue | Fishing Ship |
| 11:00 | Queue | Villager (Male) |
| 11:26 | Queue | Villager (Male) |
| 11:27 | Queue | Villager (Male) |
| 11:27 | Queue | Villager (Male) |
| 11:43 | Build | Mill |
| 12:06 | Queue | Fishing Ship |
| 12:58 | Research | Feudal Age |
| 13:41 | Queue | Villager (Male) |
| 14:00 | Build | Barracks |
| 14:14 | Build | House |
| 14:16 | Build | Palisade Wall |
| 14:34 | Queue | Villager (Male) |
| 14:54 | Build | Palisade Wall |
| 15:05 | Age | Feudal Age |
| 15:27 | Build | Lumber Camp |
| 15:52 | Queue | Villager (Male) |
| 16:22 | Queue | Villager (Male) |
| 16:23 | Queue | Villager (Male) |
| 16:40 | Build | Stable |
| 16:49 | Build | Watch Tower |
| 17:11 | Build | Mining Camp |
| 17:16 | Queue | Villager (Male) |
| 17:17 | Queue | Villager (Male) |
| 17:17 | Queue | Villager (Male) |
| 17:25 | Build | House |
| 17:37 | Queue | Scout Cavalry |
| 17:56 | Queue | Scout Cavalry |
| 18:13 | Build | Blacksmith |
| 18:22 | Queue | Villager (Male) |
| 18:56 | Research | Castle Age |
| 19:10 | Queue | Scout Cavalry |
| 19:26 | Build | Dock |
| 21:10 | Build | Stable |
| 21:22 | Age | Castle Age |
| 21:26 | Build | Dock |
| 21:30 | Queue | Knight |
| 21:30 | Queue | Knight |
| 21:32 | Queue | Villager (Male) |
| 21:32 | Queue | Villager (Male) |
| 22:00 | Queue | Knight |
| 22:00 | Queue | Knight |
| 22:01 | Queue | Knight |
| 22:15 | Queue | Fishing Ship |
| 22:22 | Research | Double-Bit Axe |
| 22:22 | Research | Double-Bit Axe |
| 22:31 | Queue | Knight |
| 22:31 | Queue | Knight |
| 22:41 | Queue | Knight |
| 22:41 | Queue | Knight |
| 23:29 | Queue | Villager (Male) |
| 23:30 | Queue | Villager (Male) |
| 23:32 | Queue | Fishing Ship |
| 23:32 | Queue | Fishing Ship |
| 23:33 | Build | House |
| 23:35 | Build | House |
| 23:38 | Queue | Fire Galley |
| 23:39 | Queue | Fire Galley |
| 23:41 | Research | War Galley (upgrade) |
| 23:41 | Research | War Galley (upgrade) |
| 23:44 | Build | House |
| 23:51 | Queue | Knight |
| 23:51 | Queue | Knight |
| 24:10 | Queue | Villager (Male) |
| 24:22 | Queue | Unit 2626 |
| 24:28 | Build | Mining Camp |
| 24:35 | Queue | Villager (Male) |
| 24:35 | Queue | Villager (Male) |
| 24:36 | Queue | Villager (Male) |
| 25:12 | Queue | Knight |
| 25:35 | Build | Siege Workshop |
| 26:16 | Queue | Villager (Male) |
| 26:31 | Queue | Unit 2626 |
| 26:31 | Queue | Unit 2626 |
| 26:32 | Queue | Unit 2626 |
| 26:44 | Queue | Villager (Male) |
| 26:45 | Queue | Villager (Male) |
| 26:48 | Queue | Scorpion |
| 26:48 | Queue | Scorpion |
| 26:53 | Build | Siege Workshop |
| 26:56 | Queue | Villager (Male) |
| 26:56 | Queue | Villager (Male) |
| 27:26 | Build | Town Center |
| 27:35 | Build | House |
| 27:42 | Queue | Mangonel |
| 27:42 | Queue | Mangonel |
| 28:08 | Queue | Villager (Male) |
| 28:08 | Queue | Villager (Male) |
| 28:19 | Queue | Mangonel |
| 28:19 | Queue | Mangonel |
| 28:42 | Queue | Scorpion |
| 28:44 | Queue | Villager (Male) |
| 28:45 | Queue | Villager (Male) |
| 28:45 | Queue | Villager (Male) |
| 29:05 | Build | Lumber Camp |
| 29:27 | Queue | Villager (Male) |
| 29:27 | Queue | Villager (Male) |
| 30:11 | Queue | Villager (Male) |
| 30:33 | Build | Town Center |
| 30:47 | Queue | Knight |
| 30:48 | Queue | Villager (Male) |
| 30:51 | Queue | Villager (Male) |
| 30:54 | Queue | Scorpion |
Match timeline
| 5:44 | jianglin612 · first_building Dock |
| 6:47 | Hyphe · first_building Dock |
| 6:51 | Hyphe · wall_segment Palisade Wall x1 |
| 10:04 | Hyphe · wall_segment Palisade Wall x1 |
| 10:07 | Hyphe · wall_segment Palisade Wall x1 |
| 11:05 | jianglin612 · wall_segment Palisade Wall x1 |
| 11:47 | jianglin612 · first_building Barracks |
| 12:46 | jianglin612 · age_up feudal |
| 12:51 | jianglin612 · first_building Archery Range |
| 14:00 | Hyphe · first_building Barracks |
| 14:16 | Hyphe · wall_segment Palisade Wall x1 |
| 14:54 | Hyphe · wall_segment Palisade Wall x1 |
| 15:05 | Hyphe · age_up feudal |
| 16:40 | Hyphe · first_building Stable |
| 17:36 | jianglin612 · first_building Stable |
| 21:22 | Hyphe · age_up castle |
| 22:58 | jianglin612 · wall_segment Palisade Wall x6 |
| 22:59 | jianglin612 · wall_segment Palisade Wall x3 |
| 23:01 | jianglin612 · wall_segment Palisade Wall x5 |
| 24:37 | jianglin612 · age_up castle |
| 25:35 | Hyphe · first_building Siege Workshop |
| 35:27 | Hyphe · wall_segment Palisade Wall x1 |
| 35:28 | Hyphe · wall_segment Palisade Wall x1 |
| 35:29 | Hyphe · wall_segment Palisade Wall x1 |
| 35:34 | Hyphe · wall_segment Palisade Wall x1 |
| 36:24 | Hyphe · first_building Archery Range |
| 40:28 | jianglin612 · first_market_sell 100 wood |
| 40:32 | jianglin612 · first_market_buy 100 food |
| 40:45 | jianglin612 · first_building Castle |
| 42:07 | jianglin612 · first_building Monastery |
| 45:45 | Hyphe · first_building Castle |
| 46:28 | jianglin612 · age_up imperial |
| 48:09 | Hyphe · resign |
[ AI ANALYSIS · 1 CREDIT ]
What really happened in this match?
Wolo.gg analyzes every decision: build order, eco, micro, common mistakes by bracket. Personalized analysis on WhatsApp or Discord in 30 seconds.
Civ guide
Chinese
Perfil
Jugador #24093790